 Dungeon Crawl Stone Soup version 0.25.0-46-gbd7b0854d2 (webtiles) character file.

Game seed: 16247700473092042678

69 Jimbable the Poker (level 4, 0/34 HPs)
             Began as a Merfolk Gladiator on July 16, 2020.
             Killed from afar by Sigmund (6 damage)
             ... with a magic dart
             ... on level 3 of the Dungeon.
             The game lasted 00:03:15 (1706 turns).

Jimbable the Poker (Merfolk Gladiator)              Turns: 1706, Time: 00:03:16

Health: 0/34       AC:  5    Str: 15    XL:     4   Next: 20%
Magic:  4/4        EV: 14    Int:  7    God:
Gold:   122        SH:  0    Dex: 15    Spells: 3/3 levels left

rFire    + . .     SeeInvis .   a - +0 trident
rCold    . . .     Gourm    .   (no shield)
rNeg     . . .     Faith    .   b - +0 leather armour
rPois    .         Spirit   .   c - +0 helmet
rElec    .         Reflect  .   (no cloak)
rCorr    .         Harm     .   n - +0 pair of gloves
MR       .....                  (no boots)
Stlth    +.........             (no amulet)
HPRegen  0.11/turn              e - ring of protection from fire
MPRegen  0.09/turn              (no ring)

@: no status effects
A: change form in water, swift swim, stealthy swim
a: no special abilities


You were on level 3 of the Dungeon.
You were not hungry.

You visited 1 branch of the dungeon, and saw 3 of its levels.

You collected 122 gold pieces.

Inventory:

Hand Weapons
 a - a +0 trident (weapon)
Armour
 b - a +0 leather armour (worn)
 c - a +0 helmet (worn)
 n - a +0 pair of gloves (worn)
Jewellery
 e - a ring of protection from fire (left hand)
Scrolls
 g - a scroll of magic mapping {unknown}
 k - 5 scrolls of identify {unknown}
Potions
 h - 2 potions of heal wounds {unknown}
 i - a potion of magic {unknown}
 j - a potion of lignification {unknown}
 l - a potion of curing {unknown}
Comestibles
 f - 3 rations
 m - a chunk of flesh


   Skills:
 + Level 2.6 Fighting
 + Level 6.1 Polearms
 + Level 2.0 Throwing
 + Level 0.4 Armour
 + Level 4.4 Dodging
 + Level 0.6 Stealth


You had 3 spell levels left.
You didn't know any spells.
Your spell library was empty.

Dungeon Overview and Level Annotations

Branches:
Dungeon (3/15)

Altars:
The Shining One

Annotations:
D:3 Sigmund


Message History

Press: ? - help, Shift-Dir - straight line, f/p - Sigmund
Aim: Sigmund, wielding a +1 scythe of freezing and wearing a +0 robe (severely wounded)
You throw a throwing net.
You feel less confused.
d - a throwing net Sigmund barely misses you.
Attack whom?
Press: ? - help, Dir - move target cursor, f/p - Sigmund
Aim: Sigmund, wielding a +1 scythe of freezing and wearing a +0 robe (severely wounded)
You hit Sigmund.
Sigmund is almost dead.
Throwing (i - inventory)
d - a throwing net (quivered)
Press: ? - help, Shift-Dir - straight line, f/p - Sigmund
Aim: Sigmund, wielding a +1 scythe of freezing and wearing a +0 robe (almost dead)
You throw a throwing net. The throwing net hits Sigmund.
Sigmund is caught in the net!
Sigmund is almost dead.
Sigmund casts a spell at you. The magic dart hits you.
You die...

..# ..# ..#
#.########## #
...........# #.#
#.########.# ..
..(.....##.# ##.#
....###.##.######@..#
....# #. #)#....@..#
....# #. #.###.#####
#'### #. #.# #....#
#.# #.##.# #.##.# #.#
#.<#.# #.##.# #.#
#...(###.##.#
..######..(....##.#
......########.##.#
...รท..# #.#...


You could see Sigmund (caught).

Vanquished Creatures
  An adder (D:2)
  An ooze (D:2)
  A leopard gecko (D:2)
  4 ball pythons (D:1)
  5 giant cockroaches
  5 goblins
  4 hobgoblins
  3 jackals (D:2)
  12 kobolds
  A quokka (D:2)
  7 bats
  2 frilled lizards
  3 rats
49 creatures vanquished.

Notes
Turn   | Place    | Note
-------+----------+-------------------------------------------
     0 | D:1      | Jimbable the Merfolk Gladiator began the quest for the Orb.
     0 | D:1      | Reached XP level 1. HP: 16/16 MP: 1/1
   152 | D:1      | Reached XP level 2. HP: 22/22 MP: 2/2
   172 | D:1      | Reached skill level 5 in Polearms
   462 | D:1      | Reached XP level 3. HP: 27/27 MP: 3/3
  1215 | D:2      | Found a glowing golden altar of the Shining One.
  1301 | D:2      | Reached skill level 6 in Polearms
  1301 | D:2      | Reached XP level 4. HP: 25/34 MP: 4/4
  1686 | D:3      | Noticed Sigmund
  1706 | D:3      | Killed from afar by Sigmund

Illustrated notes

Levels and vault maps discovered:
D:1:      lightli_iron_boxes, layout_basic
D:2:      layout_loops_cross, nicolae_tso_swordbearing_angel
D:3:      layout_basic, uniq_terence, uniq_sigmund

Skill      XL: |  1  2  3 |
---------------+----------+-----
Polearms       | 5 6 |  6.1
Fighting       | |  2.6
Throwing       | |  2.0
Armour         | |  0.4
Dodging        | |  4.4
Stealth        | |  0.6

Action                   |  1- 3 |  4- 6 || total
-------------------------+-------+-------++-------
Melee: Trident           |   165 |    17 ||   182
Throw: Throwing net      |       |     4 ||     4
 Stab: Sleeping          |     2 |     2 ||     4
       Held in net/web   |       |     1 ||     1
  Eat: Chunk             |     1 |     2 ||     3
Armor: Leather armour    |    36 |       ||    36
Dodge: Dodged            |   100 |     4 ||   104
